 Dungeon Crawl Stone Soup version 0.27-a0-1101-ge311f74bc8 (webtiles) character file.

Game seed: 7009206241344242498

22645 karrick the Thaumaturge (level 13, -5/80 HPs)
             Began as a Djinni Fire Elementalist on Apr 29, 2021.
             Was a High Priest of Okawaru.
             Slain by a five-headed hydra (12 damage)
             ... on level 12 of the Dungeon.
             The game lasted 00:44:28 (21635 turns).

karrick the Thaumaturge (Djinni Fire Elementalist) Turns: 21635, Time: 00:44:29

Health: -5/80      AC: 25    Str: 17    XL:     13   Next: 1%
Gold:   907        EV: 14    Int: 16    God:    Okawaru [*****.] SH:  5 Dex: 16

rFire    + + .     SeeInvis .   U - +9 rapier "Sarcophage" {freeze, Will+}
rCold    . . .     Faith    .   (no shield)
rNeg     . . .     Spirit   .   O - +1 leather armour {rC+}
rPois    ∞         Reflect  +   T - +2 helmet
rElec    .         Harm     .   F - +1 cloak
rCorr    .         Rampage  .   S - +2 pair of gloves
Will     ++...                  (boots unavailable)
Stlth    +++.......             E - amulet of reflection
HPRegen  0.23/turn              t - +6 ring of strength
MPRegen  0.00/turn              X - +4 ring of protection

@: ice-armoured, flying
A: fire resistance 2, cold vulnerability 1, float, innate caster, hp casting,
extra vitality 1
a: Renounce Religion, Heroism, Finesse


You were on level 12 of the Dungeon.
You worshipped Okawaru.
Okawaru was extremely pleased with you.
You visited 3 branches of the dungeon, and saw 16 of its levels.

You collected 907 gold pieces.

Inventory:

Hand Weapons
 j - a +2 dagger of venom
 w - a +1 dagger of flaming
 U - the +9 rapier "Sarcophage" (weapon) {freeze, Will+}
   (Okawaru gifted it to you on level 1 of the Lair of Beasts)

   It has been specially enchanted to freeze those struck by it, causing extra
   injury to most foes and up to half again as much damage against particularly
   susceptible opponents.
   It can also slow down cold-blooded creatures.
   It increases your willpower.
 V - the +4 long sword of Ysudy {vamp, rElec Will+++ Str-2 Dex+4}
   (Okawaru gifted it to you on level 2 of the Lair of Beasts)

   It inflicts no extra harm, but heals its wielder when it wounds a living foe.
   It affects your strength (-2).
   It affects your dexterity (+4).
   It insulates you from electricity.
   It greatly increases your willpower.
Missiles
 A - 3 throwing nets
 I - 5 atropa-tipped darts
Armour
 e - a +2 buckler
 C - the +10 chain mail "Soishrioci" {rF++ Int+8}
   (You found it on level 5 of the Dungeon)

   It affects your intelligence (+8).
   It greatly protects you from fire.
 F - a +1 cloak (worn)
 O - a +1 leather armour of cold resistance (worn)
 R - +0 gold dragon scales
 S - a +2 pair of gloves (worn)
 T - a +2 helmet (worn)
Magical Staves
 N - a staff of fire
Jewellery
 t - a +6 ring of strength (left hand)
 y - a ring of ice
 E - an amulet of reflection (around neck)
 X - a +4 ring of protection (right hand)
Wands
 s - a wand of polymorph (17)
 v - a wand of digging (4)
 J - a wand of iceblast (25)
 M - a wand of acid (5)
 P - a wand of mindburst (10)
 Q - a wand of flame (12)
Scrolls
 a - a scroll of vulnerability {unknown}
 b - 2 scrolls of fog {unknown}
 c - a scroll of teleportation
 d - a scroll of holy word {unknown}
 g - 6 scrolls of magic mapping {unknown}
 h - 2 scrolls of amnesia {unknown}
 k - 2 scrolls of acquirement {unknown}
 p - 3 scrolls of enchant armour {unknown}
 r - 19 scrolls of identify {unknown}
 B - 3 scrolls of blinking {unknown}
 D - 2 scrolls of summoning {unknown}
 H - a scroll of enchant weapon {unknown}
 L - a scroll of fear {unknown}
Potions
 f - 2 potions of brilliance {unknown}
 i - 2 potions of haste {unknown}
 l - a potion of degeneration {unknown}
 m - 4 potions of lignification {unknown}
 n - a potion of might {unknown}
 q - a potion of magic {unknown}
 u - 5 potions of curing {unknown}
 x - a potion of resistance {unknown}
 z - a potion of flight {unknown}
 G - a potion of ambrosia {unknown}
 K - 5 potions of attraction {unknown}
 W - a potion of cancellation {unknown}


   Skills:
 + Level 2.4 Fighting
 + Level 2.0(3.4) Short Blades
 * Level 4.2(4.4) Long Blades
 * Level 7.9 Armour
 + Level 6.0 Dodging
 + Level 5.0 Stealth
 + Level 1.6 Shields
 + Level 14.3 Spellcasting


You had 5 spell levels left.
You knew the following spells:

 Your Spells              Type           Power      Damage    Failure   Level
a - Foxfire               Conj/Fire      100%       2x1d9     1%          1
b - Conjure Flame         Conj/Fire      55%        6-21      1%          3
c - Inner Flame           Hex/Fire       55%        N/A       1%          3
d - Sticky Flame          Conj/Fire      55%        2d7       1%          4
e - Fireball              Conj/Fire      27%        3d12      1%          5
f - Summon Small Mammal   Summ           100%       N/A       1%          1
g - Wereblood             Tmut           55%        N/A       1%          2
h - Ozocubu's Armour      Ice            55%        N/A       1%          3
i - Airstrike             Air            27%        N/A       1%          4
j - Fulminant Prism       Conj/Hex       27%        3d14      1%          4
k - Yara's Violent Unrav  Hex/Tmut       27%        3d12      1%          5
Your spell library was empty.

Dungeon Overview and Level Annotations

Branches:
Dungeon (12/15)            Temple (1/1) D:6            Lair (3/6) D:9
    Orc (0/2) D:11
  Swamp: Lair:2-4    Shoals: Lair:2-4     Snake: Lair:2-4    Spider: Lair:2-4

Altars:
Ashenzari
Cheibriados
Dithmenos
Elyvilon
Fedhas
Gozag
Hepliaklqana
Kikubaaqudgha
Makhleb
Nemelex Xobeh
Okawaru
Qazlal
Ru
Sif Muna
Trog
Uskayaw
Vehumet
Wu Jian
Xom
Yredelemnul
Zin
The Shining One
Beogh

Shops:
D:9 (

Annotations:
D:8 Gastronok
D:12 Nessos, Snorg


Innate Abilities, Weirdness & Mutations

You are immune to poison.
Your flesh is very heat resistant. (rF++)
You are vulnerable to cold. (rC-)
You float through the air rather than walking.
You learn spells naturally, not from books.
Your magical power is your life essence.
You have superior vitality. (+4 HP)


Message History

Unknown command.
Casting: Foxfire (safe; 1% risk of failure)
Confirm with . or Enter, or press ? or * to list all spells.
You conjure some foxfire!
The five-headed hydra bites you!
The five-headed hydra bites you but does no damage.
The five-headed hydra barely misses you.
The five-headed hydra bites you but does no damage. x2
Casting: Foxfire (safe; 1% risk of failure)
Confirm with . or Enter, or press ? or * to list all spells.
You conjure some foxfire!
The foxfire hits the five-headed hydra.
The five-headed hydra is moderately wounded.
The foxfire hits the five-headed hydra.
The five-headed hydra is moderately wounded.
The five-headed hydra misses you.
You block the five-headed hydra's attack.
The five-headed hydra bites you!
* * * LOW HITPOINT WARNING * * *
The five-headed hydra bites you but does no damage.
The five-headed hydra bites you.
* * * LOW HITPOINT WARNING * * *
Okay, then.
Aiming: Corrosive Bolt
Press: ? - help, Shift-Dir - straight line, f - five-headed hydra
Aim: a five-headed hydra (moderately wounded, slow, ally target, 90% to hit)
The bolt of acid hits the five-headed hydra!
The five-headed hydra is splashed with acid.
The acid corrodes the five-headed hydra!
The five-headed hydra is heavily wounded.
The foxfire hits the five-headed hydra.
The five-headed hydra is heavily wounded.
The foxfire hits the five-headed hydra.
The five-headed hydra is severely wounded.
You block the five-headed hydra's attack.
The five-headed hydra bites you but does no damage.
The five-headed hydra bites you.
* * * LOW HITPOINT WARNING * * *
The five-headed hydra bites you.
* * * LOW HITPOINT WARNING * * *
The five-headed hydra bites you!
You die...

#### ########
....##### #......#
#.....# #......#
#.....## #......#
#...###......#
........#...#......#
.###.######.#.§....#
.. #D#.@§...# #.
#.#D.§...# #
#.)##.#### ##....#
####...# .#... ###..


You could see a five-headed hydra (slow, corroded).

Vanquished Creatures
  A hydra (Lair:3)
  2 two-headed ogres
  Pikel (D:6)
  An ugly thing (D:11)
  An oklob plant (Lair:1)
  A black mamba (Lair:2)
  A gargoyle (D:12)
  9 cane toads
  5 komodo dragons
  2 rime drakes (Lair:2)
  A troll (D:9)
  A hornet (D:9)
  3 blink frogs (Lair:1)
  Prince Ribbit (D:8)
  A shadow (D:11)
  A wraith (D:11)
  2 vampires (D:10)
  52 yaks
  3 basilisks
  3 water moccasins
  2 orc warriors (D:11)
  A sky beast (D:6)
  2 black bears (Lair:2)
  A hornet zombie (D:6)
  An ogre (D:4)
  5 centaurs
  A phantom (D:5)
  3 lemures (D:6)
  8 bullfrogs
  2 wyvern zombies
  3 scorpions
  A water moccasin zombie (D:6)
  4 killer bees (D:9)
  5 wights (D:9)
  7 howler monkeys
  6 centaur zombies
  A bullfrog zombie (D:6)
  2 hounds
  2 jellies
  A gnoll shaman (D:5)
  Crazy Yiuf (D:6)
  4 orc priests
  3 iguanas
  A centaur skeleton (D:7)
  2 orc wizards (D:5)
  Natasha (thrice) (D:4)
  2 killer bee zombies
  A hound skeleton (D:4)
  3 howler monkey zombies
  Robin (D:4)
  3 gnolls (D:5)
  A howler monkey skeleton (D:6)
  4 adders
  2 white imps
  A worm (D:2)
  A dart slug (D:2)
  18 orcs
  9 endoplasms
  8 giant cockroaches
  7 hobgoblins
  7 jackals (D:1)
  7 kobolds
  4 quokkas
  7 ball pythons
  8 bats
  3 frilled lizards
  22 goblins
  3 hobgoblin zombies (D:4)
  2 kobold skeletons (D:4)
  An orc zombie (D:4)
  6 rats
  A foxfire (D:11)
296 creatures vanquished.

Vanquished Creatures (collateral kills)
  A cane toad (Lair:2)
  13 foxfires
14 creatures vanquished.

Vanquished Creatures (others)
  1493 foxfires
  43 fulminant prisms
  13 fungi
  15 plants
1564 creatures vanquished.

Grand Total: 1874 creatures vanquished

Notes
Turn   | Place    | Note
-------+----------+-------------------------------------------
     0 | D:1      | karrick the Djinni Fire Elementalist began the quest for
                  | the Orb.
     0 | D:1      | Reached XP level 1. HP: 15/15 MP: 0/0
   340 | D:1      | Reached skill level 3 in Spellcasting
   340 | D:1      | Reached XP level 2. HP: 16/21 MP: 0/0
  1265 | D:1      | Reached XP level 3. HP: 22/25 MP: 0/0
  1265 | D:1      | Learned a level 1 spell: Summon Small Mammal
  1660 | D:1      | Found a faded altar of an unknown god.
  2595 | D:2      | Reached XP level 4. HP: 28/31 MP: 0/0
  2808 | D:2      | Reached skill level 4 in Spellcasting
  4324 | D:4      | Noticed Robin
  4333 | D:4      | Killed Robin
  4334 | D:4      | Reached XP level 5. HP: 16/35 MP: 0/0
  4334 | D:4      | Learned a level 2 spell: Wereblood
  4441 | D:4      | Noticed an ogre
  4457 | D:4      | Killed an ogre
  4458 | D:4      | Reached skill level 5 in Spellcasting
  4687 | D:4      | Reached XP level 6. HP: 34/40 MP: 0/0
  5162 | D:4      | Noticed Natasha
  5166 | D:4      | Killed Natasha
  5215 | D:4      | Reached XP level 7. HP: 42/45 MP: 0/0
  5215 | D:4      | Learned a level 3 spell: Ozocubu's Armour
  5220 | D:4      | Reached skill level 6 in Spellcasting
  5436 | D:4      | Noticed Natasha
  5438 | D:4      | Killed Natasha
  5527 | D:4      | Found a glowing golden altar of the Shining One.
  5808 | D:4      | Found a blossoming altar of Fedhas.
  5812 | D:4      | Noticed Natasha
  5820 | D:4      | Killed Natasha
  5876 | D:5      | Entered Level 5 of the Dungeon
  6165 | D:5      | Reached skill level 7 in Spellcasting
  6168 | D:5      | Identified the +10 chain mail "Soishrioci" {rF++ Int+8}
  6298 | D:5      | Found a hazy altar of Hepliaklqana.
  6414 | D:5      | Reached skill level 1 in Armour
  6414 | D:5      | Reached XP level 8. HP: 35/50 MP: 0/0
  6793 | D:6      | Found a basalt altar of Yredelemnul.
  7284 | D:6      | Reached skill level 1 in Short Blades
  7409 | D:6      | Found a runed translucent door.
  7410 | D:6      | Noticed Crazy Yiuf
  7804 | D:6      | Noticed Pikel
  7891 | D:6      | Killed Pikel
  7892 | D:6      | Reached skill level 1 in Fighting
  7892 | D:6      | Reached skill level 8 in Spellcasting
  7892 | D:6      | Reached XP level 9. HP: 44/57 MP: 0/0
  7892 | D:6      | Learned a level 4 spell: Airstrike
  8300 | D:6      | Found a staircase to the Ecumenical Temple.
  8381 | Temple   | Entered the Ecumenical Temple
  8644 | Temple   | Became a worshipper of Warmaster Okawaru
  8795 | D:6      | Killed Crazy Yiuf
 10084 | D:8      | Noticed Gastronok
 10121 | D:8      | Reached skill level 9 in Spellcasting
 10294 | D:8      | Noticed Prince Ribbit
 10301 | D:8      | Killed Prince Ribbit
 10301 | D:8      | Reached * piety under Okawaru
 10388 | D:9      | Noticed a troll
 10390 | D:9      | Found a staircase to the Lair.
 10401 | D:9      | Killed a troll
 10575 | D:9      | Found Nunafiolit's Weapon Shoppe.
 10721 | D:9      | Found a stormy altar of Qazlal.
 11290 | D:9      | Reached XP level 10. HP: 51/64 MP: 0/0
 11293 | D:9      | Reached ** piety under Okawaru
 11539 | D:9      | Noticed a two-headed ogre
 11613 | D:9      | Killed a two-headed ogre
 11614 | D:9      | Reached skill level 5 in Armour
 11614 | D:9      | Reached skill level 10 in Spellcasting
 11907 | D:10     | Entered Level 10 of the Dungeon
 12120 | D:10     | Reached *** piety under Okawaru
 12126 | D:10     | HP: 1/64 [yak (13)]
 12451 | D:10     | Reached skill level 1 in Shields
 12461 | D:10     | Noticed a two-headed ogre
 12468 | D:10     | Killed a two-headed ogre
 12711 | D:10     | Reached skill level 5 in Dodging
 12711 | D:10     | Reached skill level 11 in Spellcasting
 12851 | D:10     | Reached **** piety under Okawaru
 12852 | D:10     | Reached XP level 11. HP: 21/68 MP: 0/0
 12852 | D:10     | Learned a level 4 spell: Fulminant Prism
 14076 | D:11     | Noticed a purple ugly thing
 14796 | D:12     | Noticed a purple ugly thing
 15061 | D:8      | Reached skill level 12 in Spellcasting
 15068 | D:8      | Reached ***** piety under Okawaru
 15790 | Lair:1   | Entered Level 1 of the Lair of Beasts
 16879 | Lair:1   | Identified the +9 rapier "Sarcophage" {freeze, Will+}
                  | (Okawaru gifted it to you on level 1 of the Lair of Beasts)
 16879 | Lair:1   | Received a gift from Okawaru
 17094 | Lair:1   | Reached skill level 13 in Spellcasting
 17373 | Lair:1   | Noticed an oklob plant
 17395 | Lair:1   | Killed an oklob plant
 17396 | Lair:1   | Reached XP level 12. HP: 57/74 MP: 0/0
 17401 | Lair:1   | Reached skill level 1 in Long Blades
 18800 | Lair:2   | Identified the +4 long sword of Ysudy {vamp, rElec Will+++
                  | Str-2 Dex+4} (Okawaru gifted it to you on level 2 of the
                  | Lair of Beasts)
 18800 | Lair:2   | Received a gift from Okawaru
 19455 | Lair:2   | Reached skill level 5 in Stealth
 19709 | Lair:2   | Found a shadowy altar of Dithmenos.
 19931 | Lair:2   | Reached skill level 14 in Spellcasting
 20151 | Lair:3   | Noticed a four-headed hydra
 20157 | Lair:3   | Killed a four-headed hydra
 20817 | D:11     | Found a staircase to the Orcish Mines.
 21110 | D:11     | Found a stormy altar of Qazlal.
 21355 | D:12     | Noticed Snorg
 21374 | D:12     | Noticed Nessos
 21383 | D:12     | Noticed a five-headed hydra
 21387 | D:12     | HP: 2/76 [slime creature (16)]
 21393 | D:12     | Noticed a two-headed ogre
 21414 | D:12     | Reached XP level 13. HP: 2/80 MP: 0/0
 21414 | D:12     | Learned a level 5 spell: Yara's Violent Unravelling
 21635 | D:12     | Slain by a five-headed hydra

Illustrated notes

Levels and vault maps discovered:
D:1:      minmay_arrival_wavy_path, layout_rooms, serial_glass, glass_columns_c,
          glass_columns_c, glass_columns_a, glass_columns_c, glass_columns_c,
          glass_columns_a, shapermc_ecumenical_altar_mp_ritualfount,
          minmay_pentomino_w4
D:2:      layout_basic, corexii_shack, minivault_4, lemuel_old_faithful
D:3:      layout_basic, minmay_quantized
D:4:      layout_cave_pools, lemuel_round_altar, nicolae_tso_besieged_by_evil,
          uniq_robin, uniq_natasha
D:5:      layout_rooms, kennysheep_mini, serial_curves, eino_curves_04,
          eino_curves_01, eino_curves_03, minmay_strange_pillars
D:6:      layout_basic, nicolae_yredelemnul_corpse_copse, temple_hall_moat,
          uniq_pikel, uniq_crazy_yiuf_cottage
D:7:      layout_gridville
D:8:      layout_basic, uniq_gastronok, uniq_prince_ribbit1
D:9:      layout_grid_maze, amcnicky_altar_gilded, lair_entry_dummy,
          serial_shops, shop
D:10:     layout_stronghold, kiku_gazebo_pond_becter, serial_glass,
          glass_columns_b, glass_columns_c
D:11:     layout_loops_cross, minmay_orc_entry_temple_small,
          nicolae_qazlal_eye_of_the_storm
D:12:     layout_rooms, onia_ninara_dug_in_and_dangerous, uniq_nessos,
          uniq_snorg
Temple:   eino_temple_rhombus
Lair:1:   layout_gridlike, minmay_lair_oklob_chamber, grunt_megastairs_1
Lair:2:   layout_gridlike, basic_altar, grunt_megastairs_3
Lair:3:   layout_misc_corridors, swamp_mist_pool, infiniplex_staircase_pool,
          grunt_megastairs_2

Skill      XL: |  1  2  3  4  5  6  7  8  9 10 11 12 |
---------------+-------------------------------------+-----
Spellcasting   | 3 4 5 7 8 9 11 13 14 | 14.3
Stealth        | 2 3 4 5 |  5.0
Armour         | 1 3 4 6 7 |  7.9
Dodging        | 3 4 5 6 |  6.0
Short Blades   | 1 2 |  2.0
Fighting       | 1 2 |  2.4
Shields        | 1 |  1.6
Long Blades    | 4 |  4.2

Action                   |  1- 3 |  4- 6 |  7- 9 | 10-12 | 13-15 || total
-------------------------+-------+-------+-------+-------+-------++-------
Melee: Dagger            |       |    15 |     9 |       |       ||    24
       Rapier            |       |       |       |    20 |     2 ||    22
 Cast: Foxfire           |   135 |   161 |   329 |   261 |     3 ||   889
       Ozocubu's Armour  |       |       |    10 |    16 |     1 ||    27
       Fireball          |       |       |       |   100 |       ||   100
       Fulminant Prism   |       |       |       |    43 |       ||    43
       Summon Small Mamm |       |       |       |     7 |       ||     7
Evoke: Wand              |       |       |       |     1 |     1 ||     2
  Use: Potion            |       |       |       |     2 |       ||     2
       Scroll            |       |       |       |     5 |       ||     5
 Stab: Sleeping          |       |       |     1 |       |       ||     1
Armor: Robe              |     2 |     3 |    34 |       |       ||    39
       Leather armour    |       |       |     9 |    62 |     7 ||    78
Dodge: Dodged            |    18 |    10 |    68 |   103 |     5 ||   204
Block: Other             |       |       |     3 |    24 |     4 ||    31

Table legend: (Time is in decaauts)
 A = Elapsed time spent in this place.
 B = Non-inter-level travel time spent in this place.
 C = Inter-level travel time spent in this place.
 D = Time resting spent in this place.
 E = Time spent auto-exploring this place.
 F = Levels seen in this place.
 G = Mean time per level.
                   A        B        C        D        E       F      G
               +--------+--------+--------+--------+--------+-----+--------+
         Total |  21658 |  20516 |   1142 |    953 |  16775 |  16 | 1353.6 |
       Dungeon |  16571 |  15789 |    782 |    867 |  12703 |  12 | 1380.9 |
        Temple |    280 |    235 |     45 |      0 |    232 |   1 |  280.0 |
          Lair |   4806 |   4491 |    315 |     86 |   3840 |   3 | 1602.0 |
               +--------+--------+--------+--------+--------+-----+--------+

Top non-repeatable levels by time:
  Lair:2: 2277 daAuts
     D:1: 2242 daAuts
  Lair:1: 2218 daAuts
     D:6: 1988 daAuts
     D:9: 1872 daAuts
    D:10: 1868 daAuts
    D:11: 1754 daAuts
     D:4: 1581 daAuts
     D:7: 1097 daAuts
     D:2: 1032 daAuts
     D:3: 1017 daAuts
     D:8: 1002 daAuts
     D:5: 823 daAuts
  Lair:3: 310 daAuts
    D:12: 291 daAuts
